 Dungeon Crawl Stone Soup version 0.26-a0-639-g72c4674329 (webtiles) character file.

Game seed: 8034635524195212527

505 Apogee the Chucker (level 6, -5/61 HPs)
             Began as a Troll Hunter on Sept 22, 2020.
             Slain by p0werm0de's ghost (11 damage)
             ... on level 4 of the Dungeon.
             The game lasted 00:04:20 (1950 turns).

Apogee the Chucker (Troll Hunter)                   Turns: 1950, Time: 00:04:20

Health: -5/61      AC:  9    Str: 22    XL:     6   Next: 96%
Magic:  5/5        EV: 10    Int:  8    God:
Gold:   238        SH:  0    Dex: 10    Spells: 5/5 levels left

rFire    . . .     SeeInvis .     - Unarmed
rCold    . . .     Faith    .   (no shield)
rNeg     . . .     Spirit   .   b - +0 robe
rPois    .         Reflect  .   (helmet restricted)
rElec    .         Harm     .   n - +2 cloak
rCorr    .         Rampage  .   (gloves unavailable)
MR       .....                  (boots unavailable)
Stlth    +.........             (no amulet)
HPRegen  0.60/turn              (no ring)
MPRegen  0.09/turn              (no ring)

@: no status effects
A: large, unfitting armour, claws 3, regeneration 1, shaggy fur 1, tough skin 3
a: no special abilities


You were on level 4 of the Dungeon.
You visited 1 branch of the dungeon, and saw 4 of its levels.

You collected 238 gold pieces.

Inventory:

Hand Weapons
 a - a +0 short sword
Missiles
 c - 3 large rocks (quivered)
 d - 2 throwing nets {!f}
Armour
 b - a +0 robe (worn)
 n - a +2 cloak (worn)
   (You found it on level 4 of the Dungeon)
Wands
 t - a wand of flame (3)
   (You found it on level 3 of the Dungeon)
Scrolls
 f - 4 scrolls of remove curse {unknown}
 g - a scroll of fear {unknown}
 h - 2 scrolls of identify {unknown}
 m - a scroll of amnesia {unknown}
 o - a scroll of fog {unknown}
Potions
 e - a potion of lignification {unknown}
 i - a potion of cancellation
 k - a potion of stabbing {unknown}
 l - 2 potions of degeneration {unknown}


   Skills:
 + Level 3.0 Fighting
 + Level 4.6 Throwing
 + Level 3.1 Dodging
 - Level 0.3 Stealth
 * Level 4.4 Unarmed Combat


You had 5 spell levels left.
You didn't know any spells.
Your spell library was empty.

Dungeon Overview and Level Annotations

Branches:
Dungeon (4/15)
 Temple: D:4-7

Altars:

Annotations:
D:4 p0werm0de's ghost, amateur MiFi


Innate Abilities, Weirdness & Mutations

You are too large for most types of armour.
You have claws for hands.
Your natural rate of healing is unusually fast.
You are covered in fur. (AC +1)
You have extremely tough skin. (AC +3)


Message History

You are poisoned.
P0werm0de's ghost hits you!
You continue putting on your glowing cloak.
You feel sick.
The kobold throws a poisoned dart.
The poisoned dart hits you!
You are more poisoned.
P0werm0de's ghost hits you but does no damage.
You continue putting on your glowing cloak.
You feel sick.
The kobold throws a poisoned dart.
The poisoned dart hits you!
You are more poisoned.
P0werm0de's ghost hits you but does no damage.
You continue putting on your glowing cloak.
You feel sick.
The kobold throws a poisoned dart.
The poisoned dart hits you!
You are more poisoned.
P0werm0de's ghost closely misses you.
You finish putting on your +2 cloak.
Okay, then.
You feel sick.
The kobold throws a poisoned dart.
The poisoned dart hits you!
You are more poisoned.
P0werm0de's ghost hits you but does no damage.
You climb downwards.
You feel very sick. The iguana bites you.
* * * LOW HITPOINT WARNING * * *
There is a stone staircase leading up here.
You scratch the iguana.
You feel sick. The iguana bites you!
* * * LOW HITPOINT WARNING * * *
P0werm0de's ghost barely misses you.
You feel better. The iguana bites you.
* * * LOW HITPOINT WARNING * * *
P0werm0de's ghost hits you.
* * * LOW HITPOINT WARNING * * *
You scratch p0werm0de's ghost but do no damage.
Your claw misses p0werm0de's ghost. The iguana barely misses you.
P0werm0de's ghost hits you but does no damage.
You scratch p0werm0de's ghost.
The iguana bites you but does no damage.
Unknown command.
You closely miss p0werm0de's ghost. P0werm0de's ghost hits you.
* * * LOW HITPOINT WARNING * * *
The iguana bites you.
* * * LOW HITPOINT WARNING * * *
You scratch p0werm0de's ghost. P0werm0de's ghost hits you.
* * * LOW HITPOINT WARNING * * *
The iguana barely misses you.
You scratch p0werm0de's ghost. P0werm0de's ghost hits you.
* * * LOW HITPOINT WARNING * * *
The iguana closely misses you.
You scratch p0werm0de's ghost but do no damage.
Your claw misses p0werm0de's ghost. P0werm0de's ghost hits you!
You die...

###############
#....l@WO.....#
#.######s####.#
#.# #...#
#.s#.O. #.#.
#.w# #.##. #.
... #. #.# ##


You could see an ogre, a scorpion, an iguana and p0werm0de's ghost.

Vanquished Creatures
  Sigmund (D:2)
  2 big kobolds
  A worker ant (D:4)
  Robin (D:3)
  7 adders
  A white imp (D:2)
  3 worms
  A dart slug (D:1)
  4 leopard geckos
  4 orcs (D:3)
  9 bats
  3 giant cockroaches (D:2)
  15 goblins
  9 hobgoblins
  11 kobolds
  6 frilled lizards
  5 rats
83 creatures vanquished.

Vanquished Creatures (others)
  3 fungi (D:3)
3 creatures vanquished.

Grand Total: 86 creatures vanquished

Notes
Turn   | Place    | Note
-------+----------+-------------------------------------------
     0 | D:1      | Apogee the Troll Hunter began the quest for the Orb.
     0 | D:1      | Reached XP level 1. HP: 19/19 MP: 0/0
   141 | D:1      | Reached skill level 1 in Unarmed Combat
   141 | D:1      | Reached XP level 2. HP: 28/28 MP: 1/1
   666 | D:2      | Reached XP level 3. HP: 30/35 MP: 2/2
   886 | D:2      | Noticed Sigmund
   908 | D:2      | Reached XP level 4. HP: 18/42 MP: 3/3
   914 | D:2      | HP: 2/42 [Sigmund/magic dart (6)]
   915 | D:2      | Killed Sigmund
   915 | D:2      | Reached XP level 5. HP: 2/50 MP: 4/4
  1254 | D:2      | Reached XP level 6. HP: 59/59 MP: 5/5
  1703 | D:3      | Noticed Robin
  1727 | D:3      | Killed Robin
  1782 | D:3      | Found a runed translucent gate.
  1783 | D:3      | Found a runed translucent gate.
  1783 | D:3      | Noticed p0werm0de's ghost (amateur MiFi)
  1784 | D:3      | Found a runed translucent gate.
  1950 | D:4      | Slain by p0werm0de's ghost

Illustrated notes

Levels and vault maps discovered:
D:1:      minmay_arrival_stone_box, layout_loops_cross,
          corexii_leaking_fountain, nrook_campfire, serial_park_tiny_2
D:2:      minmay_chambers_of_twos, layout_rooms, uniq_sigmund
D:3:      layout_basic, gammafunk_ghost_nasty_kobolds, uniq_robin
D:4:      minmay_bubble_buster, layout_loops_ring, minmay_manual_mess

Skill      XL: |  1  2  3  4  5  6 |
---------------+-------------------+-----
Unarmed Combat | 1 2 3 4 |  4.4
Fighting       | 2 3 |  3.0
Dodging        | 2 3 |  3.1
Throwing       | 4 |  4.6
Stealth        | |  0.3

Action                   |  1- 3 |  4- 6 || total
-------------------------+-------+-------++-------
Melee: Unarmed           |   107 |   146 ||   253
       Punch             |       |     2 ||     2
Throw: Large rock        |       |     4 ||     4
  Use: Potion            |       |     4 ||     4
 Stab: Sleeping          |       |     3 ||     3
Armor: Robe              |    46 |    53 ||    99
Dodge: Dodged            |    50 |    77 ||   127

Table legend: (Time is in decaauts)
 A = Elapsed time spent in this place.
 B = Non-inter-level travel time spent in this place.
 C = Inter-level travel time spent in this place.
 D = Time resting spent in this place.
 E = Time spent auto-exploring this place.
 F = Levels seen in this place.
 G = Mean time per level.
                   A        B        C        D        E       F      G
               +--------+--------+--------+--------+--------+-----+--------+
         Total |   1938 |   1899 |     39 |    172 |   1206 |   4 |  484.5 |
       Dungeon |   1938 |   1899 |     39 |    172 |   1206 |   4 |  484.5 |
               +--------+--------+--------+--------+--------+-----+--------+

Top non-repeatable levels by time:
     D:2: 689 daAuts
     D:1: 658 daAuts
     D:3: 480 daAuts
     D:4: 109 daAuts
